 Dungeon Crawl Stone Soup version 0.27.1-34-g3ba077fa99 (webtiles) character file.

Game seed: 13266479073430205379

131533 Arum the Warrior (level 17, -1/164 HPs)
             Began as a Formicid Fighter on Jan 4, 2022.
             Was the Champion of Ashenzari.
             Succumbed to a naga ritualist's splash of poison
             ... on level 1 of the Snake Pit.
             The game lasted 01:04:16 (31968 turns).

Arum the Warrior (Formicid Fighter)                Turns: 31968, Time: 01:04:16

Health: -1/164     AC: 27    Str: 27    XL:     17   Next: 67%
Magic:  18/18      EV: 11    Int: 20    God:    Ashenzari [******]
Gold:   2858       SH: 23    Dex: 12    Spells: 17/17 levels left

rFire    . . .     SeeInvis +   F - +6 quarterstaff "Enigmatic Discomfort" {protect, Melee, Alch} (curse)
rCold    + . .     Faith    .   C - +2 kite shield "Ensconced With Me" {Cun, Self} (curse)
rNeg     . . .     Spirit   .   H - +4 ring mail "Circumscribed With Me" {rC+, Cun, Melee} (curse)
rPois    .         Reflect  +   (helmet unavailable)
rElec    .         Harm     .   G - +0 cloak of Ashenzari's Visionary {Fort, Bglg} (curse)
rCorr    +         Rampage  .   s - +1 pair of gloves "Doubts of the Sky" {Self, Bglg} (curse)
Will     +....     Clarity  +   W - +0 pair of boots "Share My Omission" {Fly, Bglg, Melee} (curse)
Stlth    +.........             D - amulet "Oracular Yoke" {Reflect rCorr Str+3 Int+5 Dex-5 SH+5, Range, Fort} (curse)
HPRegen  0.37/turn              e - ring of Ashenzari's Gloom {Int+6, Evo, Cun} (curse)
MPRegen  0.16/turn              R - ring "Share My Heresy" {Fly, Fort, Melee} (curse)

@: lethally poisoned (-1 -> -47), under a protective aura, flying
A: permanent stasis, dig shafts and tunnels, antennae 3, four strong arms, agile
2
a: Dig, Shaft Self, Renounce Religion, Shatter the Chains


You were on level 1 of the Snake Pit.
You worshipped Ashenzari.
Ashenzari was exalted by your worship.
You visited 4 branches of the dungeon, and saw 24 of its levels.
You also visited: Sewer and Ice Cave.

You collected 3590 gold pieces.
You spent 732 gold pieces at shops.

Inventory:

Hand Weapons
 l - the +6 whip of Breach {vorpal, Int+4}
   (You found it on level 9 of the Dungeon)

   It inflicts extra damage upon your enemies.
   Int:       It affects your intelligence (+4).
 v - a +0 quarterstaff
 F - the cursed +6 quarterstaff "Enigmatic Discomfort" (weapon) {protect, Melee, Alch}
   (You took it off Crazy Yiuf on level 7 of the Dungeon)

   It grants its wielder temporary protection when it strikes (+7 to AC).
   It has a curse which improves the following skills: Melee Combat: Short
   Blades, Long Blades, Axes, Maces & Flails, Polearms, Staves and Unarmed
   Combat.
   Alchemy:   Poison Magic and Transmutations.
 Q - the +10 whip "Koshoet" {venom, Int+7 Dex+2}
   (You found it on level 4 of the Lair of Beasts)

   It poisons the flesh of those it strikes.
   Int:       It affects your intelligence (+7).
   Dex:       It affects your dexterity (+2).
Missiles
 m - 2 throwing nets
 E - 18 javelins
 K - 5 silver javelins
Armour
 o - a +0 buckler
 s - the cursed +1 pair of gloves "Doubts of the Sky" (worn) {Self, Bglg}
   (You found it on level 6 of the Dungeon)

   It has a curse which improves the following skills: Introspection: Fighting
   and Spellcasting.
   Beguiling: Conjurations, Hexes and Translocations.
 C - the cursed +2 kite shield "Ensconced With Me" (worn) {Cun, Self}
   (You took it off a gnoll sergeant on level 7 of the Dungeon)

   It has a curse which improves the following skills: Cunning: Dodging and
   Stealth.
   Introspection: Fighting and Spellcasting.
 G - the cursed +0 cloak of Ashenzari's Visionary (worn) {Fort, Bglg}
   (You took it off Crazy Yiuf on level 7 of the Dungeon)

   It has a curse which improves the following skills: Fortitude: Armour and
   Shields.
   Beguiling: Conjurations, Hexes and Translocations.
 H - the cursed +4 ring mail "Circumscribed With Me" (worn) {rC+, Cun, Melee}
   (You took it off an orc on level 8 of the Dungeon)

   rC:        It protects you from cold.
   It has a curse which improves the following skills: Cunning: Dodging and
   Stealth.
   Melee Combat: Short Blades, Long Blades, Axes, Maces & Flails, Polearms,
   Staves and Unarmed Combat.
 U - the +1 ice dragon scales of Lotenose {rF- rC++ rN+}
   (You found it in an ice cave)

   rF:        It makes you vulnerable to fire.
   rC:        It greatly protects you from cold.
   rN:        It protects you from negative energy.
 V - the +0 plate armour of Fortitude {-Cast rN+ rCorr Dex-4 Stlth+}
   (You bought it in a shop on level 2 of the Orcish Mines)

   Dex:       It affects your dexterity (-4).
   rN:        It protects you from negative energy.
   -Cast:     It prevents spellcasting.
   rCorr:     It protects you from acid and corrosion.
   Stlth:     It makes you more stealthy.
 W - the cursed +0 pair of boots "Share My Omission" (worn) {Fly, Bglg, Melee}
   (You bought it in a shop on level 2 of the Orcish Mines)

   It has a curse which improves the following skills: Beguiling: Conjurations,
   Hexes and Translocations.
   Melee Combat: Short Blades, Long Blades, Axes, Maces & Flails, Polearms,
   Staves and Unarmed Combat.
Jewellery
 e - the cursed ring of Ashenzari's Gloom (left hand) {Int+6, Evo, Cun}
   (You found it on level 1 of the Dungeon)

   [ring of intelligence]

   Int:       It affects your intelligence (+6).
   It has a curse which improves the following skills: Evocations: Evocations.
   Cunning:   Dodging and Stealth.
 n - an amulet of magic regeneration
 D - the cursed amulet "Oracular Yoke" (around neck) {Reflect rCorr Str+3 Int+5 Dex-5 SH+5, Range, Fort}
   (You acquired it on level 7 of the Dungeon)

   [amulet of reflection]

   It reflects blocked missile attacks.
   Str:       It affects your strength (+3).
   Int:       It affects your intelligence (+5).
   Dex:       It affects your dexterity (-5).
   rCorr:     It protects you from acid and corrosion.
   SH:        It affects your SH (+5).
   It has a curse which improves the following skills: Ranged Combat: Slings,
   Bows, Crossbows and Throwing.
   Fortitude: Armour and Shields.
 N - a ring of fire
 O - an amulet of guardian spirit
 R - the cursed ring "Share My Heresy" (right hand) {Fly, Fort, Melee}
   (You found it on level 5 of the Lair of Beasts)

   [ring of flight]

   Fly:       It grants you flight.
   It has a curse which improves the following skills: Fortitude: Armour and
   Shields.
   Melee Combat: Short Blades, Long Blades, Axes, Maces & Flails, Polearms,
   Staves and Unarmed Combat.
 T - a ring of resist corrosion
Wands
 a - a wand of flame (14)
 B - a wand of iceblast (35)
 I - a wand of polymorph (20)
 J - a wand of mindburst (27)
 P - a wand of charming (20)
Scrolls
 b - 4 scrolls of amnesia
 c - 3 scrolls of enchant weapon
 j - a scroll of torment
 k - 2 scrolls of immolation
 q - 3 scrolls of fear
 t - 2 scrolls of magic mapping
 x - 4 scrolls of fog
 y - 7 scrolls of enchant armour
 A - 2 scrolls of summoning
Potions
 d - 3 potions of might
 f - 4 potions of lignification
 g - 2 potions of attraction
 h - 11 potions of curing
 i - 10 potions of heal wounds
 p - 2 potions of magic
 r - 2 potions of ambrosia
 u - 3 potions of resistance
 w - 4 potions of invisibility
 z - 3 potions of brilliance
 L - 3 potions of mutation
 M - 2 potions of flight
Miscellaneous
 S - a lightning rod (4/4)


   Skills:
 - Level 19.7(23.2) Fighting
 + Level 16.5(22.7) Staves
 + Level 16.5(21.6) Armour
 - Level 13.0(18.4) Shields


You had 17 spell levels left.
You didn't know any spells.
Your spell library contained the following spells:

 Spells                   Type           Power      Damage    Failure   Level
 Pain                     Necr           0%         1d4       22%         1
 Summon Small Mammal      Summ           0%         N/A       22%         1
 Slow                     Hex            4%         N/A       22%         2
 Static Discharge         Conj/Air       2%         N/A       28%         2
 Corpse Rot               Necr/Air       N/A        N/A       32%         2
 Confusing Touch          Hex            4%         N/A       41%         3
 Dazzling Flash           Conj/Hex       8%         N/A       41%         3
 Gell's Gravitas          Tloc           2%         N/A       41%         3
 Lesser Beckoning         Tloc           2%         N/A       41%         3
 Teleport Other           Tloc           4%         N/A       41%         3
 Inner Flame              Hex/Fire       2%         N/A       50%         3
 Stone Arrow              Conj/Erth      4%         3d7       50%         3
 Summon Guardian Golem    Hex/Summ       2%         N/A       50%         3
 Call Canine Familiar     Summ           0%         N/A       54%         3
 Vampiric Draining        Necr           0%         2d6       54%         3
 Cause Fear               Hex            2%         N/A       83%         4
 Hailstorm                Conj/Ice       2%         3d3       88%         4
 Sticky Flame             Conj/Fire      2%         2d3       88%         4
 Ice Form                 Ice/Tmut       1%         N/A       90%         4
 Animate Armour           Summ/Erth      0%         N/A       91%         4
 Animate Dead             Necr           0%         N/A       91%         4
 Dispel Undead            Necr           0%         3d6       91%         4
 Agony                    Necr           0%         N/A       99%         5
 Blade Hands              Tmut           1%         N/A       99%         5
 Borgnjor's Vile Clutch   Necr/Erth      0%         N/A       99%         5
 Excruciating Wounds      Necr           0%         N/A       99%         5
 Fireball                 Conj/Fire      1%         3d3       99%         5
 Iskenderun's Battlesphe  Conj           4%         2d6       99%         5
 Manifold Assault         Tloc           4%         N/A       99%         5
 Silence                  Hex/Air        1%         N/A       99%         5
 Yara's Violent Unravell  Hex/Tmut       1%         3d3       99%         5
 Conjure Ball Lightning   Conj/Air       1%         3x3d6     100%        6
 Death Channel            Necr           0%         N/A       100%        6
 Dispersal                Tloc           2%         N/A       100%        6
 Iron Shot                Conj/Erth      1%         9d1       100%        6
 Simulacrum               Ice/Necr       0%         N/A       100%        6
 Orb of Destruction       Conj           2%         9d1       100%        7
 Discord                  Hex            2%         N/A       100%        8
 Disjunction              Tloc           2%         N/A       100%        8
 Lehudib's Crystal Spear  Conj/Erth      1%         10d2      100%        8
 Blink                    Tloc           Unusable   N/A       N/A         2

Dungeon Overview and Level Annotations

Branches:
Dungeon (15/15)            Temple (0/1) D:6            Lair (6/6) D:11
 Shoals (0/4) Lair:4        Snake (1/4) Lair:4        Slime (0/5) Lair:6
    Orc (2/2) D:11            Elf (0/3) Orc:2        Vaults (0/5) D:13
 Depths (0/5) D:15          Sewer (visited)           IceCv (visited)

Altars:
Ashenzari
Dithmenos
Elyvilon
Fedhas
Hepliaklqana
Okawaru
Ru
Sif Muna
Vehumet
Wu Jian
Yredelemnul
Jiyva

Shops:
D:7 *[   D:10 :   Orc:2 *[=[

Annotations:
D:3 1 runed translucent door, vvlvvlvvl's ghost, amateur DsBe
Lair:2 2 transporters, Junaliek's ghost, journeyman MiFi
Lair:4 6 runed translucent doors


Innate Abilities, Weirdness & Mutations

You cannot be hasted, slowed, berserked, paralysed or teleported.
You can dig through walls and to a lower floor.
You have a pair of large antennae on your head. (SInv)
Your four strong arms can wield two-handed weapons with a shield.
You are very agile. (Dex +4)


Message History

You easily resist.
The anaconda closely misses you. The naga hits you with a +0 glaive!
* * * LOW HITPOINT WARNING * * *
The naga constricts you.
* * * LOW HITPOINT WARNING * * *
The anaconda bites you but does no damage.
You hit the naga ritualist.
The naga ritualist is heavily wounded.
* * * LOW HITPOINT WARNING * * *
You feel very sick.
* * * LOW HITPOINT WARNING * * *
You are more poisoned.
The naga ritualist's toxic aura wanes.
You block the black mamba's attack.
The anaconda bites you but does no damage.
You block the naga ritualist's attack. You block the anaconda's attack.
You sock the naga ritualist!
The naga ritualist is severely wounded.
* * * LOW HITPOINT WARNING * * *
You feel very sick.
The guardian serpent coils itself and waves its upper body at you.
The bolt of poison hits the naga.
The naga looks even sicker.
The bolt of poison hits you but does no damage.
You are more poisoned.
The black mamba bites you but does no damage.
You block the anaconda's attack.
A black mamba comes into view.
The black mamba hisses angrily.
You bludgeon the naga!!
You kill the naga!
* * * LOW HITPOINT WARNING * * *
You feel extremely sick. The black mamba closely misses you.
The naga ritualist spits poison at you.
The splash of poison hits you but does no damage.
You are more poisoned.
You block the anaconda's attack. x2
A salamander comes into view. It is wielding a +0 halberd.
You block the black mamba's attack.
You miss the black mamba.
You die...

######.####.#.........#....
######....................
**#####.#...###...###....... * *
.#######.###..#.###..#.... *
*,.....##.##..###.##..#.... , ,*
,####....#..####....###... ,
*.####...####....#####..#..
*,,,.#.######..S##..#..###..####.
, ....#####.SS@N..###..#######.
,,,,,,*#.......SS########.######.
, ,{ *##.†....SS########## #. , ,
, ##...N.....###### ## ,,
*#....SN.....#.####
,,,*#..{N.........#### , ,
...{..........##### ,,
..{..........##.### ,
,.{.............####


You could see a salamander, 2 anacondas, a naga ritualist (catching breath), a
guardian serpent, 5 black mambas and 2 nagas.

Vanquished Creatures
  Gastronok (D:8)
  An azure jelly (IceCv)
  An orc warlord (Orc:2)
  A quicksilver ooze (IceCv)
  The ghost of Quvym the Severer, a journeyman MiFi of Okawaru (Orc:1)
  4 dire elephants (Lair:6)
  Snorg (Lair:4)
  Josephine (D:13)
  2 naga warriors (Snake:1)
  2 boulder beetles
  A rakshasa (D:12)
  9 hydras
  5 anacondas (Snake:1)
  An ice dragon (Lair:5)
  A catoblepas (Lair:6)
  4 centaur warriors
  A death knight (D:13)
  10 death yaks
  A two-headed ogre (D:13)
  3 tengu warriors
  3 naga sharpshooters (Snake:1)
  Urug (D:10)
  5 orc high priests
  Nergalle (Lair:3)
  A spectral anaconda (Lair:6)
  3 spectral death yaks (Lair:6)
  A skeletal warrior (D:15)
  A deep elf archer (D:13)
  An obsidian statue (Lair:6)
  A flayed ghost (D:15)
  2 naga ritualists (Snake:1)
  5 necromancers
  A deep elf pyromancer (D:13)
  3 deep elf zephyrmancers (D:13)
  7 orc knights
  A wolf spider (Lair:4)
  3 mana vipers (Snake:1)
  7 ugly things
  7 orc sorcerers
  4 manticores
  5 cyclopes
  3 salamanders (Snake:1)
  3 naga magi (Snake:1)
  A merfolk siren (Lair:4)
  20 elephants
  A stone giant skeleton (D:15)
  A guardian serpent (Snake:1)
  10 black mambas
  3 torpor snails
  3 ice statues (IceCv)
  2 gargoyles
  A kobold demonologist (D:13)
  16 cane toads
  Psyche (D:11)
  6 rime drakes
  9 komodo dragons
  An efreet (D:14)
  5 yaktaurs (D:13)
  2 ice devils (Orc:1)
  5 entropy weaver simulacra (IceCv)
  A tengu conjurer (D:13)
  A guardian mummy (D:15)
  9 trolls
  3 polar bears (Lair:6)
  A meliai (shapeshifter) (D:15)
  Prince Ribbit (D:7)
  24 blink frogs
  2 deep troll zombies (D:15)
  A spectral elephant (Lair:6)
  14 dream sheep
  27 slime creatures
  4 redbacks (Lair:4)
  A vampire (D:13)
  A yak (shapeshifter) (D:13)
  A fire dragon skeleton (D:15)
  A wyvern (Lair:4)
  A centaur simulacrum (D:14)
  7 wraiths
  32 yaks
  A human (D:3)
  8 basilisks
  A redback simulacrum (D:14)
  A steam dragon (Lair:3)
  3 vampire mosquitoes (D:13)
  3 wargs
  A warg (shapeshifter) (D:13)
  4 nagas (Snake:1)
  2 death yak simulacra (Lair:6)
  2 demonic crawler simulacra (IceCv)
  2 spectral cane toads (Lair:6)
  18 water moccasins
  28 orc warriors
  3 ugly thing simulacra (IceCv)
  2 elephant zombies (Lair:6)
  11 ogres
  A necrophage (D:7)
  6 wolves
  17 centaurs
  An elephant skeleton (Lair:6)
  A phantom (D:4)
  5 kobold brigands
  19 bullfrogs
  3 scorpions
  A glowing shapeshifter simulacrum (IceCv)
  A gnoll sergeant (D:7)
  A wyvern zombie (D:6)
  2 water moccasin zombies
  2 water moccasin skeletons
  An elephant simulacrum (Lair:6)
  6 howler monkeys (D:10)
  5 wights (D:6)
  4 electric eels
  3 centaur zombies
  A bullfrog zombie (D:5)
  4 hounds
  20 orc priests
  Crazy Yiuf (D:7)
  Ijyb (D:4)
  4 hell rats (Lair:6)
  2 iguanas (D:7)
  15 orc wizards
  A hound skeleton (D:5)
  2 howler monkey zombies
  12 gnolls
  12 adders
  5 river rats (Sewer)
  3 white imps (Lair:5)
  An ufetubus (D:4)
  5 worms
  2 dart slugs
  113 orcs
  14 ball pythons
  9 bats
  9 endoplasms
  6 giant cockroaches
  7 goblins
  12 hobgoblins
  4 jackals (D:2)
  8 quokkas
  10 frilled lizards
  17 kobolds
  27 rats
  A bush (D:8)
836 creatures vanquished.

Vanquished Creatures (others)
  An elephant (Lair:6)
  An orc wizard (Orc:2)
  36 fungi
  48 plants
  28 withered plants
114 creatures vanquished.

Grand Total: 950 creatures vanquished

Notes
Turn   | Place    | Note
-------+----------+-------------------------------------------
     0 | D:1      | Arum the Formicid Fighter began the quest for the Orb.
     0 | D:1      | Reached XP level 1. HP: 18/18 MP: 1/1
   120 | D:1      | Reached XP level 2. HP: 18/24 MP: 2/2
   839 | D:2      | Reached XP level 3. HP: 27/30 MP: 3/3
   874 | D:2      | Reached skill level 4 in Fighting
  1205 | D:2      | Found a faded altar of an unknown god.
  1299 | D:2      | Reached XP level 4. HP: 18/38 MP: 4/4
  1834 | D:2      | Found an ornate altar of the Wu Jian Council.
  1843 | D:2      | Gained mutation: Your spells are a little harder to cast,
                  | but a little more powerful. [potion of mutation]
  1843 | D:2      | Gained mutation: You have large cloven feet. [potion of
                  | mutation]
  1858 | D:2      | Reached XP level 5. HP: 4/43 MP: 5/5
  2641 | D:3      | Found a broken altar of Ashenzari.
  2791 | D:3      | Became a worshipper of Ashenzari the Shackled
  2825 | D:3      | Reached skill level 5 in Fighting
  3061 | D:3      | Found a runed translucent door.
  3062 | D:3      | Noticed vvlvvlvvl's ghost (amateur DsBe)
  3180 | D:3      | Found a runed translucent door.
  3180 | D:3      | Noticed a human
  3187 | D:3      | Found a basalt altar of Yredelemnul.
  3229 | D:3      | Killed a human
  3230 | D:3      | Reached XP level 6. HP: 44/52 MP: 6/6
  3797 | D:4      | Reached skill level 6 in Fighting
  3833 | D:4      | Reached XP level 7. HP: 41/59 MP: 7/7
  3974 | D:4      | Noticed Ijyb
  3985 | D:4      | Killed Ijyb
  4385 | D:4      | Reached skill level 7 in Fighting
  4599 | D:5      | Entered Level 5 of the Dungeon
  4629 | D:5      | Reached skill level 5 in Armour
  4629 | D:5      | Reached XP level 8. HP: 51/68 MP: 8/8
  4645 | D:5      | Found an iron altar of Okawaru.
  4666 | D:5      | Identified a scroll of acquirement
  4687 | D:5      | Acquired 1252 gold pieces
  4801 | D:5      | Found a glowing drain.
  4805 | Sewer    | Entered a sewer
  5244 | Sewer    | Reached * piety under Ashenzari
  5292 | Sewer    | Reached skill level 8 in Fighting
  5292 | Sewer    | Reached skill level 5 in Staves
  5667 | D:5      | Reached skill level 5 in Shields
  6203 | D:6      | Found a staircase to the Ecumenical Temple.
  6483 | D:6      | Reached XP level 9. HP: 72/78 MP: 9/9
  6684 | D:6      | Reached skill level 9 in Fighting
  6843 | D:6      | Reached ** piety under Ashenzari
  7270 | D:7      | Noticed Prince Ribbit
  7288 | D:7      | Killed Prince Ribbit
  7514 | D:7      | Reached skill level 10 in Fighting
  7514 | D:7      | Lost mutation: Your spells are a little harder to cast, but
                  | a little more powerful. [potion of mutation]
  7514 | D:7      | Lost mutation: You have large cloven feet. [potion of
                  | mutation]
  7514 | D:7      | Gained mutation: You are agile. (Dex +2) [potion of
                  | mutation]
  7514 | D:7      | Gained mutation: You are very agile. (Dex +4) [potion of
                  | mutation]
  7644 | D:7      | Found a shadowy altar of Dithmenos.
  7986 | D:7      | Found Wonnitz's Elemental Accessories.
  7989 | D:7      | Acquired the amulet "Ocolug" {Reflect rCorr Str+3 Int+5
                  | Dex-5 SH+5}
  8000 | D:7      | Reached *** piety under Ashenzari
  8011 | D:7      | Found a shimmering blue altar of Sif Muna.
  8214 | D:7      | Found Gatorhag's Armour Shoppe.
  8238 | D:7      | Found a runed translucent door.
  8239 | D:7      | Noticed Crazy Yiuf
  8377 | D:7      | Killed Crazy Yiuf
  8590 | D:8      | Identified the +4 ring mail of Gluttony {rC+}
  8595 | D:8      | Reached XP level 10. HP: 90/92 MP: 10/10
  8606 | D:8      | Reached skill level 11 in Fighting
  8665 | D:8      | Found a white marble altar of Elyvilon.
  8852 | D:8      | Noticed Gastronok
  8886 | D:8      | Killed Gastronok
  8887 | D:8      | Reached skill level 12 in Fighting
  9133 | D:8      | Reached XP level 11. HP: 102/102 MP: 11/11
  9297 | D:8      | Found a blossoming altar of Fedhas.
  9528 | D:9      | Reached skill level 13 in Fighting
  9770 | D:9      | Acquired a manual of Fighting
  9837 | D:9      | Identified the +6 whip of Breach {vorpal, Int+4}
 10077 | D:10     | Entered Level 10 of the Dungeon
 10077 | D:10     | Identified the +0 robe of Fortification {Rampage Str-2
                  | Stlth+}
 10079 | D:10     | Noticed Urug
 10106 | D:10     | Killed Urug
 10133 | D:10     | Noticed a white ugly thing
 10158 | D:10     | Killed a white ugly thing
 10590 | D:10     | Found Uvebiciv's Book Shoppe.
 10655 | D:10     | Reached skill level 14 in Fighting
 10789 | D:10     | Found an ornate altar of the Wu Jian Council.
 11001 | D:10     | Found a sacrificial altar of Ru.
 11244 | D:10     | Found a hazy altar of Hepliaklqana.
 11308 | D:11     | Found a staircase to the Orcish Mines.
 11486 | D:11     | Noticed a manticore
 11502 | D:11     | Killed a manticore
 12061 | D:11     | Found a staircase to the Lair.
 12223 | D:11     | Noticed Psyche
 12232 | D:11     | Killed Psyche
 12256 | D:11     | Identified the cursed +0 cloak of Ashenzari's Visionary
                  | {Fort, Bglg} (You took it off Crazy Yiuf on level 7 of the
                  | Dungeon)
 12256 | D:11     | Identified the cursed +1 pair of gloves "Doubts of the Sky"
                  | {Self, Bglg} (You found it on level 6 of the Dungeon)
 12256 | D:11     | Identified the cursed +0 kite shield of Ashenzari's Oracle
                  | {Elem, Fort}
 12591 | D:12     | Noticed a red ugly thing
 12606 | D:12     | Killed a red ugly thing
 12612 | D:12     | Noticed a manticore
 12757 | D:12     | Killed a manticore
 12758 | D:12     | Reached skill level 15 in Fighting
 12861 | D:12     | Noticed a cyclops
 12875 | D:12     | Killed a cyclops
 12876 | D:12     | Reached XP level 12. HP: 81/113 MP: 12/12
 13441 | D:12     | Identified the +0 leather armour of Fiulujod {Fly}
 13479 | D:12     | Reached **** piety under Ashenzari
 13485 | D:12     | Noticed a rakshasa
 13514 | D:12     | Killed a rakshasa
 13515 | D:12     | Reached skill level 16 in Fighting
 13515 | D:12     | Reached skill level 10 in Staves
 13937 | D:13     | Noticed a death knight
 13956 | D:13     | Killed a death knight
 14022 | D:13     | Noticed Josephine
 14032 | D:13     | Killed Josephine
 14294 | D:13     | Reached skill level 17 in Fighting
 14441 | D:13     | Noticed a tengu warrior
 14453 | D:13     | Killed a tengu warrior
 14454 | D:13     | Reached XP level 13. HP: 80/125 MP: 13/13
 14627 | D:13     | Noticed a seven-headed hydra
 14639 | D:13     | Killed a seven-headed hydra
 14640 | D:13     | Reached skill level 10 in Shields
 14854 | D:13     | Noticed a boulder beetle
 14892 | D:13     | Killed a boulder beetle
 15156 | D:13     | Noticed a centaur warrior
 15497 | D:13     | Reached skill level 18 in Fighting
 15538 | D:13     | Killed a centaur warrior
 15710 | D:13     | Found a gate to the Vaults.
 16129 | D:14     | Noticed a centaur warrior
 16135 | D:14     | Killed a centaur warrior
 17067 | D:15     | Entered Level 15 of the Dungeon
 17264 | D:15     | Noticed a centaur warrior
 17281 | D:15     | Killed a centaur warrior
 17282 | D:15     | Reached XP level 14. HP: 102/136 MP: 14/14
 17288 | D:15     | Reached skill level 10 in Armour
 17405 | D:15     | Found a staircase to the Depths.
 17781 | D:15     | Found a shadowy altar of Dithmenos.
 17862 | D:15     | Reached skill level 19 in Fighting
 18078 | D:15     | Reached ***** piety under Ashenzari
 18454 | D:15     | Identified the +2 ring mail of the Devil's Team {*Slow rF+
                  | Str+5}
 18691 | Lair:1   | Entered Level 1 of the Lair of Beasts
 19512 | Lair:2   | Found a transporter.
 20160 | Lair:2   | Noticed Junaliek's ghost (journeyman MiFi)
 20209 | Lair:2   | Found a transporter.
 20212 | Lair:2   | Identified the ring "Qaexyox" {*Slow rN+ SInv Stlth+}
 20773 | Lair:3   | Found a radiant altar of Vehumet.
 20993 | Lair:3   | Noticed Nergalle
 21008 | Lair:3   | Killed Nergalle
 21448 | Lair:4   | Found a staircase to the Snake Pit.
 21522 | Lair:4   | Found a staircase to the Shoals.
 21736 | Lair:4   | Noticed Snorg
 21761 | Lair:4   | Killed Snorg
 21771 | Lair:4   | Reached XP level 15. HP: 60/148 MP: 15/15
 22216 | Lair:4   | Found a runed translucent door.
 22216 | Lair:4   | Identified the +10 whip "Koshoet" {venom, Int+7 Dex+2}
 22832 | Lair:4   | Found a runed translucent gate.
 22832 | Lair:4   | Found a runed translucent gate.
 22832 | Lair:4   | Found a runed translucent gate.
 22832 | Lair:4   | Found a runed translucent gate.
 22832 | Lair:4   | Found a runed translucent gate.
 22832 | Lair:4   | Found a runed translucent gate.
 24187 | Lair:6   | Entered Level 6 of the Lair of Beasts
 24411 | Lair:6   | Found a viscous altar of Jiyva.
 24420 | Lair:6   | Found a staircase to the Slime Pits.
 24610 | Lair:6   | Reached XP level 16. HP: 73/156 MP: 16/16
 27352 | Orc:1    | Entered Level 1 of the Orcish Mines
 27372 | Orc:1    | Reached skill level 15 in Staves
 27449 | Orc:1    | Noticed Quvym's ghost (journeyman MiFi)
 27451 | Orc:1    | Found a transporter.
 27545 | Orc:1    | Found a frozen archway.
 27579 | IceCv    | Entered an ice cave
 28096 | IceCv    | Reached skill level 15 in Armour
 28345 | IceCv    | Found a viscous altar of Jiyva.
 28345 | IceCv    | Noticed an azure jelly
 28360 | IceCv    | Killed an azure jelly
 28398 | IceCv    | Identified the +2 dagger "Hiecruj" {freeze, rElec}
 28400 | IceCv    | Identified the +1 ice dragon scales of Lotenose {rF- rC++
                  | rN+}
 28537 | Orc:1    | Found a transporter.
 29069 | Orc:2    | Entered Level 2 of the Orcish Mines
 29129 | Orc:2    | Reached XP level 17. HP: 119/162 MP: 17/17
 29308 | Orc:2    | Found a staircase to the Elven Halls.
 30096 | Orc:2    | Found Yxuitic's General Store.
 30096 | Orc:2    | Found Coent's Armour Shop.
 30098 | Orc:2    | Found Curograq's Jewellery Emporium.
 30098 | Orc:2    | Found Neomamm's Antique Armour Shop.
 30107 | Orc:2    | Bought a jewelled plate armour for 560 gold pieces
 30107 | Orc:2    | Identified the +0 plate armour of Fortitude {-Cast rN+
                  | rCorr Dex-4 Stlth+} (You bought it in a shop on level 2 of
                  | the Orcish Mines)
 30109 | Orc:2    | Bought a +0 pair of boots of flying for 172 gold pieces
 30115 | Orc:2    | Reached ****** piety under Ashenzari
 30388 | Orc:1    | Killed Quvym's ghost
 30607 | Snake:1  | Entered Level 1 of the Snake Pit
 31967 | Snake:1  | HP: 4/164 [poisoned by a guardian serpent (bolt of poison)]
 31968 | Snake:1  | Succumbed to a naga ritualist's splash of poison

Illustrated notes

Levels and vault maps discovered:
D:1:      lightli_arrival_statuegarden, layout_basic
D:2:      layout_loops_corners, basic_altar,
          dreamdust_ecumenical_altar_hidden_monk_grotto,
          small_statue_intersection, chequers_serial_rivers_large_b,
          grunt_decor_fettered, minivault_19, minmay_pentomino_x4
D:3:      layout_basic, old_standard_altar, dk_yredelemnul_ordeal,
          ebering_ghost_reflecting_pool, serial_co_window_serial,
          co_window_corner_a, co_window_paths_b, co_window_cross_1,
          co_window_paths_b, co_window_of_opportunity_a, co_window_corner_cb,
          co_window_unsneaky_path_a, co_window_corner_cb, glass_columns_c,
          glass_columns_a, grunt_decor_arrowhead
D:4:      layout_cave_pools, uniq_ijyb
D:5:      layout_rooms, okawaru_gym_becter, gup_sewer_entry_spiral
D:6:      wander_river, layout_basic, minmay_temple_entry_mini_moons
D:7:      layout_rooms, lemuel_round_altar, mainiacjoe_overflow_24_doors,
          serial_shops, shop, nicolae_elemental_shop, uniq_prince_ribbit1,
          uniq_crazy_yiuf_cottage
D:8:      layout_rooms, elyvilon_altar_3, nicolae_overflow_hidden_temple,
          fedhas_bush_and_centaur_altar, special_room [special_room_orc],
          uniq_gastronok
D:9:      layout_roguey, nicolae_zen_rock_garden, nicolae_underground_beach
D:10:     layout_long_grid, nicolae_wu_jian_wuxing_cycle, kennysheep_mini,
          nicolae_ru_the_path_less_chosen, serial_shops, nicolae_square_shop,
          serial_park_tiny_pond, uniq_urug
D:11:     layout_loops_corners, lair_entry_dummy, orc_0_dummy, uniq_psyche
D:12:     layout_long_grid
D:13:     layout_gridville, hangedman_vaults_entry_quadrant_bands,
          uniq_josephine
D:14:     layout_rooms, nrook_pool_corridor
D:15:     gammafunk_depths_entry_grave, layout_irregular_city,
          grunt_dithmenos_smoke_and_mirrors
Lair:1:   layout_cave_pods
Lair:2:   layout_cave_pods, serial_bayou, serial_bayou_pond_d,
          serial_bayou_shore_b, serial_bayou_shore_a, serial_bayou_ford_a,
          gammafunk_ghost_berserking_beasts, grunt_megastairs_4
Lair:3:   layout_roguey, basic_altar, serial_bayou_pond_e, uniq_nergalle
Lair:4:   gammafunk_indiana_jones, layout_long_grid,
          minmay_shoals_entry_lonely_mermaid, dummy_snake_entry, uniq_snorg
Lair:5:   layout_small_grid, bobbens_ice_dragon_lair
Lair:6:   due_jungle_book, layout_cave_pods, dpeg_slime_entry_enclosed_altar,
          nicolae_quartered_pool_medium, nzn_sisyphean_effort,
          grunt_megastairs_3
Snake:1:  layout_cave_shapes
Orc:1:    layout_caves, gammafunk_ghost_arena, portal_ice_cave_demonic_guard
Orc:2:    grunt_orc_tribal_feast, layout_diamond_mine

Skill      XL: |  1  2  3  4  5  6  7  8  9 10 11 12 13 14 15 16 17 |
---------------+----------------------------------------------------+-----
Shields        | 4 5 6 8 9 11 12 13 | 13.0
Fighting       | 4 5 6 7 8 10 12 15 17 18 19 | 19.7
Staves         | 3 4 5 6 8 9 10 11 12 13 15 16 | 16.5
Armour         | 4 5 6 8 9 11 13 15 16 | 16.5

Action                   |  1- 3 |  4- 6 |  7- 9 | 10-12 | 13-15 | 16-18 || total
-------------------------+-------+-------+-------+-------+-------+-------++-------
Melee: Quarterstaff      |   101 |   132 |   437 |   550 |  1044 |  1365 ||  3629
       Kick              |       |    27 |    73 |       |       |       ||   100
       Unarmed           |       |       |       |     4 |       |       ||     4
Invok: Curse Item        |       |     1 |     3 |     3 |     3 |     2 ||    12
       Shatter the Chain |       |       |       |     1 |     2 |       ||     3
 Abil: Dig               |       |     2 |     5 |     8 |     9 |    17 ||    41
Evoke: Wand              |       |       |     3 |    18 |     4 |     4 ||    29
       Lightning rod     |       |       |       |       |       |     1 ||     1
  Use: Potion            |       |     2 |     4 |     1 |     4 |       ||    11
       Scroll            |       |     5 |     4 |     5 |       |     1 ||    15
 Stab: Invisible         |       |     1 |       |       |       |       ||     1
Armor: Scale mail        |    38 |    54 |   139 |     8 |       |       ||   239
       Ring mail         |       |       |       |   107 |   262 |   226 ||   595
       Skin              |       |       |       |     1 |       |       ||     1
Dodge: Dodged            |    44 |    53 |   135 |   100 |   175 |   173 ||   680
Block: Kite shield       |    45 |    28 |   149 |   366 |   706 |   872 ||  2166
       Buckler           |       |    21 |    31 |       |       |       ||    52
       Reflection        |       |       |     3 |    21 |    62 |    17 ||   103
